 Dungeon Crawl Stone Soup version 0.30-a0-43-gbbf338a72c (webtiles) character file.

Game seed: 11023442449485483938

2480 LnG the Cleaver (level 9, 0/79 HPs)
             Began as a Hill Orc Fighter on Aug 31, 2022.
             Slain by a red devil
             ... wielding a +2 demon trident of venom
             ... summoned by a kobold demonologist
              (5 damage)
             ... on level 6 of the Dungeon.
             The game lasted 00:27:44 (6828 turns).

LnG the Cleaver (Hill Orc Fighter)                  Turns: 6828, Time: 00:27:49

Health: 0/79       AC: 16    Str: 23    XL:     9   Next: 51%
Magic:  9/9        EV:  6    Int:  8    God:
Gold:   222        SH:  0    Dex: 10    Spells: 8/8 levels left

rFire   . . .      SeeInvis .    a - +1 war axe
rCold   . . .      Faith    .    c - +1 buckler
rNeg    . . .      Spirit   .    n - +0 plate armour
rPois   .          Reflect  .    (helmet restricted)
rElec   .          Harm     .    (no cloak)
rCorr   .          Rampage  .    (no gloves)
Will    .....                    e - +0 pair of boots
Stlth   ..........               (no amulet)
HPRegen 0.23/turn                (no ring)
MPRegen 0.11/turn                (no ring)

@: confused, mighty
A: horns 1, iridescent scales 1
a: no special abilities


You were on level 6 of the Dungeon.
You visited 1 branch of the dungeon, and saw 6 of its levels.
You also visited: Sewer.

You collected 274 gold pieces.
You spent 52 gold pieces at shops.

Inventory:

Hand Weapons
 a - a +1 war axe (weapon)
Armour
 b - a +0 scale mail
 c - a +1 buckler (worn)
 e - a +0 pair of boots (worn)
 n - a +0 plate armour (worn)
Wands
 o - a wand of charming (4)
 r - a wand of flame (21)
 w - a wand of mindburst (8)
Scrolls
 g - a scroll of fear
 l - a scroll of butterflies
 m - a scroll of torment
 p - 2 scrolls of teleportation
 q - 2 scrolls of blinking
 s - a scroll of noise {unknown}
 t - a scroll of poison {unknown}
 x - 2 scrolls of magic mapping
Potions
 d - 2 potions of might
 f - a potion of attraction
 h - 3 potions of mutation
 i - 2 potions of magic
 j - 3 potions of curing
 u - a potion of lignification
 v - a potion of flight


   Skills:
 + Level 7.2 Fighting
 + Level 11.2 Axes
 + Level 7.1 Armour
 + Level 0.7 Dodging
 + Level 0.2 Stealth
 + Level 6.3 Shields


You had 8 spell levels left.
You didn't know any spells.
Your spell library contained the following spells:

 Spells                   Type           Power      Damage    Failure   Level
 Magic Dart               Conj           0%         1d3       100%        1
 Sandblast                Erth           0%         2d4       100%        1
 Summon Small Mammal      Summ           0%         N/A       100%        1
 Call Imp                 Summ           0%         N/A       100%        2
 Passwall                 Tmut/Erth      0%         N/A       100%        2
 Poisonous Vapours        Pois/Air       0%         N/A       100%        2
 Call Canine Familiar     Summ           0%         N/A       100%        3
 Mephitic Cloud           Conj/Pois/Air  0%         N/A       100%        3
 Stone Arrow              Conj/Erth      0%         3d7       100%        3
 Summon Guardian Golem    Hex/Summ       0%         N/A       100%        3
 Animate Armour           Summ/Erth      0%         N/A       100%        4
 Corpse Rot               Necr/Pois/Air  0%         N/A       100%        4
 Fulminant Prism          Conj/Hex       0%         3d6       100%        4
 Iskenderun's Mystic Bla  Conj/Tloc      0%         2d3       100%        4
 Blade Hands              Tmut           0%         N/A       100%        5
 Lee's Rapid Deconstruct  Erth           0%         3d5*      100%        5
 Iron Shot                Conj/Erth      0%         9d1       100%        6


Dungeon Overview and Level Annotations

Branches:
Dungeon (6/15)              Sewer (visited)
 Temple: D:4-7

Altars:
Hepliaklqana
Nemelex Xobeh
Ru
Uskayaw
Xom

Shops:
D:3 =?


Innate Abilities, Weirdness & Mutations

You have a pair of small horns on your head.
You are partially covered in iridescent scales. (AC +2)


Message History

The kobold brigand hits you but does no damage.
You feel sick.
The kobold demonologist casts a spell.
The hellwing barely misses you. The hellwing closely misses you.
Something hits you but does no damage.
The kobold brigand attacks as you move away!
The kobold brigand hits you with a +0 short sword.
You feel sick.
The kobold demonologist gestures wildly while chanting.
The hellwing attacks as you move away! The hellwing hits you!
The hellwing hits you but does no damage.
You feel sick.
You are no longer poisoned.
Something hits you but does no damage.
The kobold demonologist looks braver for a moment.
The orange demon stings you but does no damage.
An ogre comes into view. It is wielding a +0 giant spiked club.
The kobold brigand hits you but does no damage.
You hit the hellwing but do no damage. You headbutt the hellwing.
The hellwing is lightly wounded.
You miss something.
You hit the kobold brigand but do no damage.
The hellwing disappears in a puff of smoke!
Something hits you but does no damage. The orange demon barely misses you.
The kobold demonologist casts a spell.
The kobold brigand hits you but does no damage.
The sixfirhy hits you but does no damage.
You bump into the rock wall.
The sixfirhy closely misses you.
The sixfirhy hits you but does no damage.
The sixfirhy hits you. The sixfirhy shocks you!
The kobold brigand barely misses you. Something hits you.
The sixfirhy hits you but does no damage.
The orange demon stings you from afar.
You bump into the rock wall.
The sixfirhy hits you!
* * * LOW HITPOINT WARNING * * *
The sixfirhy shocks you!
* * * LOW HITPOINT WARNING * * *
The kobold brigand hits you but does no damage.
The red devil hits you from afar with a +2 demon trident of venom.
You die...

#.# #.# #.# #.#
##.# ####..#
#.)..##
#########.#########
.........4.@.......
~~~~~≈~~.4K35~~~~~~
≈~~≈≈≈≈≈)K..~~~≈≈≈≈
~~~~≈~~~....~~O~≈~~
.....$...?.........
########''''#######
#....# #....#
'....'.


You could see an orange demon (summoned), a kobold demonologist, a sixfirhy
(summoned), a red devil (summoned), a kobold brigand, an ogre and an ufetubus
(summoned).

Vanquished Creatures
  A steam dragon (D:6)
  Menkaure (D:4)
  Duvessa (D:5)
  An orc warrior (D:6)
  An ice beast (D:5)
  2 ogres
  A black bear (D:6)
  3 bullfrogs
  2 scorpions
  7 wights
  Dowan (D:5)
  4 howler monkeys (D:6)
  2 gnoll boudas (D:6)
  4 orc priests
  6 hounds
  3 orc wizards (D:6)
  An iguana (D:6)
  10 adders
  8 gnolls
  An ufetubus (D:5)
  2 adder zombies (D:2)
  2 worms
  2 dart slugs
  11 orcs
  7 ball pythons
  A bat skeleton (D:2)
  A bat zombie (D:2)
  8 endoplasms
  15 giant cockroaches
  4 goblins
  3 hobgoblins
  7 jackals
  12 quokkas
  2 ball python skeletons (D:2)
  2 bats
  12 frilled lizards
  A jackal zombie (D:2)
  A kobold (D:2)
  A quokka zombie (D:2)
  A rat (D:1)
155 creatures vanquished.

Vanquished Creatures (collateral kills)
  A wight (D:4)
  An orc wizard (D:4)
  3 orcs (D:4)
5 creatures vanquished.

Vanquished Creatures (others)
  4 withered plants (D:2)
4 creatures vanquished.

Grand Total: 164 creatures vanquished

Notes
Turn   | Place    | Note
-------+----------+-------------------------------------------
     0 | D:1      | LnG the Hill Orc Fighter began the quest for the Orb.
     0 | D:1      | Reached XP level 1. HP: 19/19 MP: 1/1
    42 | D:1      | Found a faded altar of an unknown god.
   313 | D:1      | Reached XP level 2. HP: 27/27 MP: 2/2
   830 | D:2      | Reached XP level 3. HP: 28/33 MP: 3/3
  1096 | D:2      | Gained mutation: You have a pair of small horns on your
                  | head. [potion of mutation]
  1096 | D:2      | Gained mutation: You are partially covered in iridescent
                  | scales. (AC +2) [potion of mutation]
  1211 | D:2      | Reached skill level 3 in Axes
  1858 | D:3      | Reached XP level 4. HP: 40/40 MP: 4/4
  1973 | D:3      | Found Exito's Magic Scroll Shop.
  2001 | D:3      | Bought a scroll of identify for 26 gold pieces
  2085 | D:3      | Bought a scroll of identify for 26 gold pieces
  2140 | D:3      | Found a sacrificial altar of Ru.
  2140 | D:3      | Found a hazy altar of Hepliaklqana.
  2298 | D:3      | Found Opseism's One-of-a-Kind Rings.
  2447 | D:4      | Reached skill level 4 in Axes
  2447 | D:4      | Reached XP level 5. HP: 32/46 MP: 5/5
  2560 | D:4      | Reached skill level 5 in Axes
  2604 | D:4      | Reached XP level 6. HP: 53/53 MP: 6/6
  3265 | D:4      | Noticed Menkaure
  3277 | D:4      | Killed Menkaure
  3278 | D:4      | Reached skill level 6 in Axes
  3278 | D:4      | Reached skill level 5 in Shields
  3699 | D:4      | Reached XP level 7. HP: 60/60 MP: 7/7
  3943 | D:5      | Entered Level 5 of the Dungeon
  4003 | D:5      | Found a glowing drain.
  4056 | D:5      | Reached skill level 5 in Fighting
  4068 | D:5      | Reached skill level 7 in Axes
  4078 | Sewer    | Entered a sewer
  4397 | Sewer    | Reached skill level 5 in Armour
  4533 | D:5      | Reached skill level 8 in Axes
  4580 | D:5      | Found a hide-covered altar of Uskayaw.
  4652 | D:5      | Reached XP level 8. HP: 64/68 MP: 8/8
  4769 | D:5      | Noticed Duvessa
  4769 | D:5      | Noticed Dowan
  4772 | D:5      | Found a shimmering altar of Xom.
  4782 | D:5      | Killed Dowan
  4785 | D:5      | HP: 2/69 [Duvessa/+0 rapier (8)]
  4788 | D:5      | Killed Duvessa
  5060 | D:5      | Reached skill level 9 in Axes
  5114 | D:5      | Found a sparkling altar of Nemelex Xobeh.
  5945 | D:6      | Reached skill level 10 in Axes
  5946 | D:6      | Reached XP level 9. HP: 46/76 MP: 9/9
  6695 | D:6      | Reached skill level 11 in Axes
  6788 | D:6      | Identified the ring "Viryiziq" {Contam rC+ Str+6 Slay+3}
  6809 | D:6      | Noticed a kobold demonologist
  6812 | D:6      | Noticed a hellwing
  6816 | D:6      | Noticed an orange demon
  6824 | D:6      | Noticed a red devil
  6826 | D:6      | Noticed a sixfirhy
  6828 | D:6      | Slain by a red devil

Illustrated notes

Levels and vault maps discovered:
D:1:      dpeg_arrival_pond, layout_loops_ring,
          dreamdust_ecumenical_altar_angels_and_demons
D:2:      layout_loops_corners, serial_undead, serial_undead_c, serial_undead_f,
          serial_undead_f, serial_undead_f, serial_undead_b, serial_undead_b,
          serial_undead_b, minmay_pentomino_t2
D:3:      layout_rooms, gammafunk_temple_overflow_pools, serial_glass,
          glass_columns_a, glass_columns_a, serial_shops, nicolae_shop_trees,
          nicolae_shop_unique_rings
D:4:      layout_basic, uniq_menkaure
D:5:      layout_basic, nicolae_overflow_hidden_temple, xom_teletrap_fun,
          nemelex_dance_club_becter, gup_sewer_entry_glass, uniq_duvessa
D:6:      lemuel_castle_with_subvaults [lemuel_castle_interior_carwin_3],
          layout_basic

Skill      XL: |  1  2  3  4  5  6  7  8  9 |
---------------+----------------------------+-----
Armour         | 4 5 6 7 |  7.1
Fighting       | 4 5 6 7 |  7.2
Axes           | 3 4 5 6 8 10 11 | 11.2
Shields        | 4 5 6 |  6.3
Dodging        | |  0.7
Stealth        | |  0.2

Action                   |  1- 3 |  4- 6 |  7- 9 || total
-------------------------+-------+-------+-------++-------
Melee: War axe           |    74 |    78 |   350 ||   502
       Headbutt          |     8 |     8 |    53 ||    69
Evoke: Wand              |       |     1 |       ||     1
  Use: Scroll            |     6 |     6 |     3 ||    15
       Potion            |     1 |     2 |     3 ||     6
Armor: Scale mail        |    42 |    14 |       ||    56
       Plate armour      |       |    28 |   229 ||   257
Dodge: Dodged            |    57 |    19 |    93 ||   169
Block: Buckler           |    22 |    23 |    84 ||   129

Table legend: (Time is in decaauts)
 A = Elapsed time spent in this place.
 B = Non-inter-level travel time spent in this place.
 C = Inter-level travel time spent in this place.
 D = Time resting spent in this place.
 E = Time spent auto-exploring this place.
 F = Levels seen in this place.
 G = Mean time per level.
                   A        B        C        D        E       F      G
               +--------+--------+--------+--------+--------+-----+--------+
         Total |   6999 |   6983 |     16 |   1918 |   1731 |   7 |  999.9 |
       Dungeon |   6516 |   6500 |     16 |   1865 |   1731 |   6 | 1086.0 |
         Sewer |    483 |    483 |      0 |     53 |      0 |   1 |  483.0 |
               +--------+--------+--------+--------+--------+-----+--------+

Top non-repeatable levels by time:
     D:4: 1335 daAuts
     D:6: 1264 daAuts
     D:5: 1253 daAuts
     D:2: 1049 daAuts
     D:1: 829 daAuts
     D:3: 784 daAuts
   Sewer: 483 daAuts
